 Dungeon Crawl Stone Soup version 0.29.1-2-gbd0b4ee654 (webtiles) character file.

Game seed: 18028115984998558559

214 zeram the Shield-Bearer (level 5, -1/36 HPs)
             Began as an Octopode Fighter on Nov 13, 2022.
             Slain by an orc
             ... wielding a +0 trident
              (6 damage)
             ... on level 4 of the Dungeon.
             The game lasted 00:04:41 (2888 turns).

zeram the Shield-Bearer (Octopode Fighter)          Turns: 2888, Time: 00:04:42

Health: -1/36      AC:  1    Str: 16    XL:     5   Next: 92%
Magic:  5/5        EV: 13    Int: 12    God:
Gold:   717        SH:  5    Dex: 11    Spells: 4/4 levels left

rFire   . . .      SeeInvis .   d - +2 dagger (venom)
rCold   . . .      Faith    .   b - +0 buckler
rNeg    . . .      Spirit   .   (helmet restricted)
rPois   .          Reflect  .   (no amulet)
rElec   .          Harm     .   l - ring of wizardry
rCorr   .          Rampage  .   (no ring)
Will    .....                   (no ring)
Stlth   +++.......              (no ring)
HPRegen 0.12/turn               (no ring)
MPRegen 0.09/turn               (no ring)
                                (no ring)
                                (no ring)

@: lethally poisoned (-1 -> -7)
A: almost no armour, amphibious, 8 rings, camouflage 1, gelatinous body 1,
(nimble swimmer 1), tentacles
a: no special abilities


You were on level 4 of the Dungeon.
You visited 1 branch of the dungeon, and saw 4 of its levels.

You collected 717 gold pieces.

Inventory:

Hand Weapons
 a - a +1 rapier
 d - a +2 dagger of venom (weapon)
Missiles
 h - a throwing net (quivered)
Armour
 b - a +0 buckler (worn)
Jewellery
 l - a ring of wizardry (left tentacle)
Scrolls
 f - 3 scrolls of teleportation
 i - a scroll of identify
 k - a scroll of fear
 m - a scroll of silence {unknown}
Potions
 c - a potion of might
 e - 2 potions of curing
 j - a potion of attraction


   Skills:
 - Level 3.0 Fighting
 + Level 3.2 Short Blades
 + Level 3.9 Dodging
 + Level 3.5 Stealth
 * Level 4.4 Shields


You had 4 spell levels left.
You didn't know any spells.
Your spell library was empty.

Dungeon Overview and Level Annotations

Branches:
Dungeon (4/15)
 Temple: D:4-7

Altars:


Innate Abilities, Weirdness & Mutations

You cannot wear most types of armour.
You are amphibious.
You can wear up to eight rings at the same time.
Your skin changes colour to match your surroundings (Stealth+).
Your rubbery body absorbs attacks. (AC +1, EV +1)
((You are camouflaged when in or above water. (Stealth+)))
You have tentacles for arms and can constrict up to eight enemies at once.


Message History

You constrict the orc wizard. The orc hits you with a +0 hand axe.
The orc wizard escapes!
The orc hits you from afar with a +0 trident!
You are too injured to fight recklessly!
Unknown command.
You are too injured to fight recklessly!
You completely miss the orc. You grab the orc.
You squeeze the orc, but do no damage. You constrict the orc.
Unknown command.
You hit the orc but do no damage.
The orc is poisoned.
You squeeze the orc.
The orc is heavily wounded.
You constrict the orc.
The orc hits you from afar with a +0 trident.
* * * LOW HITPOINT WARNING * * *
The orc wizard misses you. The orc hits you with a +0 dagger.
* * * LOW HITPOINT WARNING * * *
The orc hits you but does no damage.
You feel much better.
You constrict the orc.
You kill the orc!
The orc hits you from afar with a +0 trident.
The orc wizard hits you with a +2 dagger of venom.
You are poisoned.
The orc barely misses you.
You hit the orc.
The orc is poisoned.
You grab the orc. You squeeze the orc.
The orc is severely wounded.
You constrict the orc.
You kill the orc!
You feel very sick.
The orc wizard gestures at you while chanting.
The magic dart hits you!
* * * LOW HITPOINT WARNING * * *
The orc misses you.
Unknown command.
You closely miss the orc wizard. Your grab misses the orc wizard.
You squeeze the orc wizard.
You kill the orc wizard!
* * * LOW HITPOINT WARNING * * *
You feel sick.
The orc hits you from afar with a +0 trident.
You die...

#######
##.....###
##...)).?.#
#...o)@..#
....####..## .
##...#
##....##
.##......##
..........###
...#.........#
####.......###
.... ##.....##


You could see an orc.

Vanquished Creatures
  An iguana (D:3)
  2 orc wizards (D:4)
  7 adders
  3 dart slugs
  3 orcs
  9 ball pythons
  6 bats
  6 endoplasms
  5 giant cockroaches
  13 goblins
  8 hobgoblins
  6 jackals (D:1)
  7 kobolds
  A quokka (D:3)
  A frilled lizard (D:1)
  6 rats
84 creatures vanquished.

Vanquished Creatures (others)
  4 plants (D:1)
  13 withered plants (D:1)
17 creatures vanquished.

Grand Total: 101 creatures vanquished

Notes
Turn   | Place    | Note
-------+----------+-------------------------------------------
     0 | D:1      | zeram the Octopode Fighter began the quest for the Orb.
     0 | D:1      | Reached XP level 1. HP: 16/16 MP: 1/1
    83 | D:1      | Reached XP level 2. HP: 17/21 MP: 2/2
   293 | D:1      | Reached XP level 3. HP: 23/26 MP: 3/3
   613 | D:1      | Reached skill level 1 in Stealth
   850 | D:1      | Found a faded altar of an unknown god.
  1022 | D:2      | Reached XP level 4. HP: 26/31 MP: 4/4
  1114 | D:2      | Reached skill level 4 in Shields
  1660 | D:2      | Reached XP level 5. HP: 36/36 MP: 5/5
  2695 | D:3      | Identified a scroll of acquirement
  2695 | D:3      | Acquired 562 gold pieces
  2795 | D:4      | Identified the +1 robe of Niclaff {rN+ Dex+4 Stlth+}
  2888 | D:4      | Slain by an orc

Illustrated notes

Levels and vault maps discovered:
D:1:      dpeg_arrival_round_b, layout_basic,
          shapermc_ecumenical_altar_flowoftime, minmay_misc_feat_plants,
          minmay_surrounded
D:2:      layout_rooms
D:3:      layout_basic
D:4:      cheibrodos_barr_body, layout_cave_pools,
          mainiacjoe_overflow_two_lobes, minmay_temple_entry_enclosed_plants,
          serial_shops, nicolae_lakefront_shop, minmay_fractal_squares_5

Skill      XL: |  1  2  3  4  5 |
---------------+----------------+-----
Stealth        | 1 2 3 |  3.5
Shields        | 4 |  4.4
Short Blades   | 3 |  3.2
Fighting       | |  3.0
Dodging        | |  3.9

Action                   |  1- 3 |  4- 6 || total
-------------------------+-------+-------++-------
Melee: Rapier            |    67 |    76 ||   143
       Constrict         |    22 |    24 ||    46
       Tentacles         |    11 |    18 ||    29
       Punch             |       |     2 ||     2
       Dagger            |       |    10 ||    10
  Use: Scroll            |     2 |     7 ||     9
       Potion            |       |     1 ||     1
 Stab: Sleeping          |     7 |     7 ||    14
Armor: Skin              |     2 |     5 ||     7
Dodge: Dodged            |    29 |    47 ||    76
Block: Buckler           |    11 |    15 ||    26
